Inferno vs Gangsters
(R1)
Created - 13 avril 2014 at 19:13
Goals
|
| Inferno |
2 |
3 |
3 |
8 |
| Gangsters |
2 |
2 |
1 |
5 |
|
Shots
|
| Inferno |
9 |
13 |
12 |
34 |
| Gangsters |
15 |
6 |
4 |
25 |
|
1st period
1. Gangsters , Nick Foligno 17 (Bryan Young, Ryan Keller) at 3:24 (PP)
2. Inferno , Brad Marchand 46 (Mikhail Grabovski, Jonathan Ferland) at 10:32
3. Inferno , Colin Wilson 25 (Zach Redmond) at 16:18
4. Gangsters , Ryan Keller 38 (Alexandre Bolduc) at 19:11
Penalties :
Brad Marchand (Anc) for Tripping (Minor) at 3:18, Pierre-Luc Létourneau (Anc) for Hooking (Minor) at 13:51, Brad Marchand (Anc) for Hooking (Minor) at 19:14
2nd period
5. Inferno , Andrej Meszaros 12 (Jonathan Ferland) at 0:11 (SH)
6. Inferno , Mikhail Grabovski 54 (Jonathan Ferland, Andrej Sekera) at 2:29 (PP)
7. Gangsters , Alexandre Bolduc 39 (Ryan Keller, Nick Foligno) at 2:43
8. Inferno , Vladimir Zharkov 13 (Yannick Weber) at 3:54
9. Gangsters , Cory Murphy 8 (Artem Anisimov) at 16:16 (PP)
Penalties :
Luke Gazdic (Bro) for High sticking (Minor) at 1:58, Dave Dziurzynski (Bro) for Interference (Minor) at 13:52, Matt Kassian (Anc) for Diving (Minor) at 16:15
3rd period
10. Gangsters , Nick Foligno 18 (Alexandre Bolduc, Ville Koistinen) at 12:11
11. Inferno , Mikhail Grabovski 55 (Jonathan Ferland, Andrej Meszaros) at 12:37
12. Inferno , Pavel Vorobiev 31 (Vladimir Sobotka) at 13:08
13. Inferno , Vladimir Zharkov 14 (Matt Kassian, Brad Marchand) at 18:16
Penalties :
Dave Dziurzynski (Bro) for Hooking (Minor) at 0:37, Stephane Veilleux (Anc) for Hooking (Minor) at 3:43
Goalie Stats
Jonathan Boutin (Anc), 20 saves from 25 shots - (0,800), W, 10-11-4, 60:00 minutes
David LeNeveu (Bro), 10 saves from 14 shots - (0,714), 22:29 minutes
Dustin Tokarski (Bro), 16 saves from 20 shots - (0,800), L, 8-11-2, 37:31 minutes
Players Stats for Inferno
Player Name G A P +/- PIM S H SB GA TA FO MP PP MP PK MP
------------------------------------------------------------------------------------
Andrej Meszaros 1 1 2 -1 0 3 2 4 1 1 0/0 28:51 3:01 4:26
Andrej Sekera 0 1 1 -1 0 4 0 1 0 2 0/0 28:51 3:01 4:26
Brad Marchand 1 1 2 1 4 3 1 1 1 0 0/0 20:25 2:39 1:16
Brayden Irwin 0 0 0 2 0 1 1 0 0 0 1/4 8:12 0:00 0:00
Brendan Mikkelson 0 0 0 2 0 2 0 0 0 1 0/0 19:23 1:28 1:38
Colin Wilson 1 0 1 1 0 3 3 0 0 0 6/9 17:24 1:42 1:30
Jonathan Ferland 0 4 4 1 0 3 2 1 0 0 1/2 21:56 2:39 3:46
Jozef Balej 0 0 0 0 0 2 1 0 0 0 0/0 14:06 0:08 0:00
Mark Mitera 0 0 0 2 0 0 1 2 0 2 0/0 17:40 0:00 1:38
Matt Kassian 0 1 1 2 2 0 0 0 0 0 0/0 8:11 0:00 0:00
Mikhail Grabovski 2 1 3 0 0 4 3 0 1 0 15/31 19:10 2:39 0:53
Pavel Vorobiev 1 0 1 0 0 4 1 0 1 0 0/1 12:27 1:42 0:00
Pierre-Luc Létourneau 0 0 0 1 2 0 2 0 0 0 0/0 12:33 0:08 0:59
Stephane Veilleux 0 0 0 0 2 2 4 0 2 0 0/0 16:01 1:42 0:03
Vladimir Sobotka 0 1 1 1 0 0 2 1 0 0 8/15 14:52 0:00 3:41
Vladimir Zharkov 2 0 2 2 0 3 3 0 0 0 0/0 8:34 0:08 0:00
Yannick Weber 0 1 1 3 0 0 0 0 0 0 0/0 13:29 1:28 0:00
Zach Redmond 0 1 1 3 0 0 0 0 0 0 0/0 11:46 0:00 0:00
Players Stats for Gangsters
Player Name G A P +/- PIM S H SB GA TA FO MP PP MP PK MP
------------------------------------------------------------------------------------
Alexandre Bolduc 1 2 3 0 0 5 0 1 0 1 13/27 20:25 3:39 1:00
Artem Anisimov 0 1 1 -1 0 0 3 1 0 1 7/14 18:32 2:13 0:00
Ben Holmstrom 0 0 0 0 0 0 0 0 0 0 0/0 0:13 0:00 0:00
Bradley Malone 0 0 0 0 0 0 0 0 0 0 0/0 2:55 0:00 0:00
Brock Bradford 0 0 0 0 0 1 1 1 0 0 4/8 13:43 0:15 0:00
Bryan Young 0 1 1 -1 0 0 1 1 0 1 0/0 23:41 1:54 2:06
Colten Teubert 0 0 0 -3 0 0 1 0 0 0 0/0 13:16 0:00 0:00
Cory Murphy 1 0 1 -3 0 9 2 2 2 0 0/0 31:36 4:10 2:23
Dave Dziurzynski 0 0 0 -1 4 2 1 1 0 0 0/0 19:09 2:13 0:00
Luke Gazdic 0 0 0 -1 2 0 0 1 0 0 0/0 13:53 0:00 1:24
Maxime Sauvé 0 0 0 -3 0 0 1 0 0 1 1/4 10:18 0:11 0:00
Nathan Moon 0 0 0 0 0 0 0 0 0 0 0/0 0:00 0:00 0:00
Nick Foligno 2 1 3 -2 0 4 0 2 0 1 1/2 24:52 3:47 2:02
Phil McRae 0 0 0 0 0 0 0 0 0 0 0/0 1:16 0:00 0:00
Ryan Jones 0 0 0 -3 0 1 1 1 2 0 1/1 24:04 2:13 2:16
Ryan Keller 1 2 3 -1 0 2 2 0 1 0 4/6 27:13 3:41 2:16
Shaun Heska 0 0 0 0 0 0 3 0 0 0 0/0 21:13 1:54 2:06
Ville Koistinen 0 1 1 -1 0 1 0 2 1 1 0/0 29:09 4:10 2:23
3 Stars
1 - Mikhail Grabovski (Anc)
2 - Vladimir Zharkov (Anc)
3 - Jonathan Ferland (Anc)
Power Play
Inferno - 1 on 3 Attempt(s) - 33,33%
Gangsters - 2 on 5 Attempt(s) - 40,00%
Penalty Kill
Inferno - 3 on 5 Attempt(s) - 60,00%
- Score 1 goal in Penalty Kill
Gangsters - 2 on 3 Attempt(s) - 66,67%
- Score 0 goal in Penalty Kill
Official
Referees : McCauley Wes and Charron Francis
Linesman : Scott Cherrey and Lyle Seitz
Game Notes
Dustin Tokarski enters game at 2:29 of 2nd period
Finance
Level 1 -- Attendance: 1410 (70,50%) -- Ticket Income 49 350 $
Level 2 -- Attendance: 787 (78,70%) -- Ticket Income 11 805 $
Total Attendance: 2197 (73,23%)
Total Ticket Income: 61 155 $
Other Income: 3 058 $
Total Income: 64 213 $
Inferno
5 vs 5 Forward
Center Left Wing Right Wing Time % Phy DF OF
1 Mikhail Grabovski Brad Marchand Jonathan Ferland 40 1 2 2
2 Colin Wilson Stephane Veilleux Jozef Balej 30 1 2 2
3 Vladimir Sobotka Pierre-Luc Létourneau Pavel Vorobiev 20 1 2 2
4 Brayden Irwin Matt Kassian Vladimir Zharkov 10 1 2 2
5 vs 5 Defense
Defense Defense Time % Phy DF OF
1 Andrej Meszaros Andrej Sekera 40 1 2 2
2 Brendan Mikkelson Mark Mitera 30 1 2 2
3 Zach Redmond Yannick Weber 20 1 2 2
4 Andrej Meszaros Andrej Sekera 10 1 2 2
PowerPlay Forward
Center Left Wing Right Wing Time % Phy DF OF
1 Mikhail Grabovski Brad Marchand Jonathan Ferland 60 1 2 2
2 Colin Wilson Stephane Veilleux Pavel Vorobiev 40 1 2 2
PowerPlay Defense
Defense Defense Time % Phy DF OF
1 Andrej Meszaros Andrej Sekera 60 1 2 2
2 Brendan Mikkelson Yannick Weber 40 1 2 2
Penalty Kill 4 Players Forward
Center Wing Time % Phy DF OF
1 Vladimir Sobotka Jonathan Ferland 60 1 3 1
2 Colin Wilson Pierre-Luc Létourneau 40 1 3 1
Penalty Kill 4 Players Defense
Defense Defense Time % Phy DF OF
1 Andrej Meszaros Andrej Sekera 60 1 3 1
2 Brendan Mikkelson Mark Mitera 40 1 3 1
Penalty Kill - 3 Players Forward
Forward Time % Phy DF OF
1 Vladimir Sobotka 60 1 4 0
2 Colin Wilson 40 1 4 0
Penalty Kill - 3 Players Defense
Defense Defense Time % Phy DF OF
1 Andrej Meszaros Andrej Sekera 60 1 4 0
2 Brendan Mikkelson Mark Mitera 40 1 4 0
4 vs 4 Forward
Center Wing Time % Phy DF OF
1 Colin Wilson Brad Marchand 60 1 2 2
2 Vladimir Sobotka Jonathan Ferland 40 1 2 2
4 vs 4 Defense
Defense Defense Time % Phy DF OF
1 Andrej Meszaros Andrej Sekera 60 1 2 2
2 Brendan Mikkelson Mark Mitera 40 1 2 2
Last Minutes Offensive
Center Left Wing Right Wing Defense Defense
Mikhail Grabovski Brad Marchand Jonathan Ferland Andrej Meszaros Andrej Sekera
Last Minutes Defensive
Center Left Wing Right Wing Defense Defense
Mikhail Grabovski Brad Marchand Jonathan Ferland Andrej Meszaros Andrej Sekera
Goaltenders
Starting : Jonathan Boutin
Backup : Josh Harding
Extra Forwards
Normal : Jonathan Ferland, Pierre-Luc Létourneau, Jozef Balej - PP : Jozef Balej, Pierre-Luc Létourneau - PK : Vladimir Sobotka
Extra Defensemen
Normal : Andrej Sekera, Brendan Mikkelson, Mark Mitera - PP : Yannick Weber - PK : Brendan Mikkelson, Andrej Sekera
Penalty Shots
Jozef Balej, Colin Wilson, Jonathan Ferland, Brad Marchand, Vladimir Zharkov
Gangsters
5 vs 5 Forward
Center Left Wing Right Wing Time % Phy DF OF
1 Alexandre Bolduc Nick Foligno Ryan Keller 40 1 2 2
2 Artem Anisimov Dave Dziurzynski Ryan Jones 30 1 2 2
3 Brock Bradford Luke Gazdic Ryan Keller 20 1 2 2
4 Maxime Sauvé Ryan Jones Nick Foligno 10 1 2 2
5 vs 5 Defense
Defense Defense Time % Phy DF OF
1 Cory Murphy Ville Koistinen 40 1 2 2
2 Bryan Young Shaun Heska 30 1 2 2
3 Colten Teubert Cory Murphy 20 1 2 2
4 Ville Koistinen Bryan Young 10 1 2 2
PowerPlay Forward
Center Left Wing Right Wing Time % Phy DF OF
1 Alexandre Bolduc Nick Foligno Ryan Keller 60 1 2 2
2 Artem Anisimov Dave Dziurzynski Ryan Jones 40 1 2 2
PowerPlay Defense
Defense Defense Time % Phy DF OF
1 Cory Murphy Ville Koistinen 60 1 2 2
2 Bryan Young Shaun Heska 40 1 2 2
Penalty Kill 4 Players Forward
Center Wing Time % Phy DF OF
1 Ryan Keller Ryan Jones 60 1 2 2
2 Nick Foligno Alexandre Bolduc 40 1 2 2
Penalty Kill 4 Players Defense
Defense Defense Time % Phy DF OF
1 Cory Murphy Ville Koistinen 60 1 2 2
2 Bryan Young Shaun Heska 40 1 2 2
Penalty Kill - 3 Players Forward
Forward Time % Phy DF OF
1 Ryan Keller 60 1 2 2
2 Ryan Jones 40 1 2 2
Penalty Kill - 3 Players Defense
Defense Defense Time % Phy DF OF
1 Cory Murphy Ville Koistinen 60 1 2 2
2 Bryan Young Shaun Heska 40 1 2 2
4 vs 4 Forward
Center Wing Time % Phy DF OF
1 Ryan Keller Ryan Jones 60 1 2 2
2 Nick Foligno Alexandre Bolduc 40 1 2 2
4 vs 4 Defense
Defense Defense Time % Phy DF OF
1 Cory Murphy Ville Koistinen 60 1 2 2
2 Bryan Young Shaun Heska 40 1 2 2
Last Minutes Offensive
Center Left Wing Right Wing Defense Defense
Alexandre Bolduc Nick Foligno Ryan Keller Cory Murphy Ville Koistinen
Last Minutes Defensive
Center Left Wing Right Wing Defense Defense
Alexandre Bolduc Nick Foligno Ryan Keller Cory Murphy Ville Koistinen
Goaltenders
Starting : David LeNeveu
Backup : Dustin Tokarski
Extra Forwards
Normal : Brock Bradford, Maxime Sauvé, Luke Gazdic - PP : Brock Bradford, Maxime Sauvé - PK : Luke Gazdic
Extra Defensemen
Normal : Colten Teubert, Shaun Heska, Cory Murphy - PP : Colten Teubert - PK : Shaun Heska, Cory Murphy
Penalty Shots
Ryan Keller, Ryan Jones, Nick Foligno, Alexandre Bolduc, Artem Anisimov
% Time on Ice - Inferno
Lines # - Real PCT - Wanted PCT - Time Play
Normal Forward
1 - 33% - 40% - 16:18
2 - 29% - 30% - 14:12
3 - 22% - 20% - 10:45
4 - 17% - 10% - 8:12
Normal Defense
1 - 40% - 40% - 19:50
2 - 34% - 30% - 16:37
3 - 23% - 20% - 11:26
4 - 3% - 10% - 1:34
PP Forward
1 - 62% - 60% - 2:47
2 - 38% - 40% - 1:42
PP Defense
1 - 67% - 60% - 3:01
2 - 33% - 40% - 1:28
PK Forward
1 - 75% - 60% - 4:34
2 - 25% - 40% - 1:30
PK Defense
1 - 73% - 60% - 4:26
2 - 27% - 40% - 1:38
PK3 Forward
1 - 0% - 60%
2 - 0% - 40%
PK3 Defense
1 - 0% - 60%
2 - 0% - 40%
44 Forward
1 - 0% - 60%
2 - 0% - 40%
44 Defense
1 - 0% - 60%
2 - 0% - 40%
Last Minute Offensive - 0:00
Last Minute Defensive - 0:00
Total
Forward - 60:00
Defense - 60:00
|
% Time on Ice - Gangsters
Lines # - Real PCT - Wanted PCT - Time Play
Normal Forward
1 - 31% - 40% - 15:25
2 - 36% - 30% - 17:48
3 - 23% - 20% - 11:12
4 - 10% - 10% - 5:02
Normal Defense
1 - 38% - 40% - 18:33
2 - 30% - 30% - 14:42
3 - 23% - 20% - 11:33
4 - 9% - 10% - 4:39
PP Forward
1 - 63% - 60% - 3:51
2 - 37% - 40% - 2:13
PP Defense
1 - 69% - 60% - 4:10
2 - 31% - 40% - 1:54
PK Forward
1 - 83% - 60% - 3:43
2 - 17% - 40% - 0:46
PK Defense
1 - 53% - 60% - 2:23
2 - 47% - 40% - 2:06
PK3 Forward
1 - 0% - 60%
2 - 0% - 40%
PK3 Defense
1 - 0% - 60%
2 - 0% - 40%
44 Forward
1 - 0% - 60%
2 - 0% - 40%
44 Defense
1 - 0% - 60%
2 - 0% - 40%
Last Minute Offensive - 0:00
Last Minute Defensive - 0:00
Total
Forward - 60:00
Defense - 60:00
|
Play by Play
1st period
0:01 of 1st period - Alexandre Bolduc wins face-off versus Mikhail Grabovski in neutral zone.
0:12 of 1st period - Wrist shot by Alexandre Bolduc.
0:12 of 1st period - Stopped by Jonathan Boutin without a rebound.
0:13 of 1st period - Colin Wilson wins face-off versus Artem Anisimov in Inferno zone.
0:13 of 1st period - Colin Wilson is hit by Shaun Heska.
0:43 of 1st period - Snap shot by Colin Wilson.
0:43 of 1st period - Deflect By Pierre-Luc Létourneau.
0:43 of 1st period - Shot Misses the Net.
0:43 of 1st period - Puck is out of play.
0:44 of 1st period - Brock Bradford wins face-off versus Vladimir Sobotka in Gangsters zone.
0:53 of 1st period - Snap shot by Cory Murphy.
0:53 of 1st period - Shot Misses the Net.
1:30 of 1st period - Snap shot by Ryan Jones.
1:30 of 1st period - Shot Misses the Net.
1:51 of 1st period - Bryan Young is hit by Colin Wilson and loses puck.
3:18 of 1st period - Minor Penalty to Brad Marchand for Tripping.
3:19 of 1st period - Alexandre Bolduc wins face-off versus Vladimir Sobotka in Inferno zone.
3:20 of 1st period - Slapshot by Ryan Keller.
3:20 of 1st period - Shot Misses the Net.
3:22 of 1st period - Slapshot by Bryan Young.
3:22 of 1st period - Shot Misses the Net.
3:24 of 1st period - Snap shot by Nick Foligno.
3:24 of 1st period - Goal by Nick Foligno - Inferno : 0 - Gangsters : 1.
3:25 of 1st period - Alexandre Bolduc wins face-off versus Mikhail Grabovski in neutral zone.
3:52 of 1st period - Bryan Young is hit by Andrej Meszaros and loses puck.
4:15 of 1st period - Wrist shot by Brock Bradford.
4:15 of 1st period - Stopped by Jonathan Boutin without a rebound.
4:16 of 1st period - Mikhail Grabovski wins face-off versus Maxime Sauvé in Inferno zone.
4:41 of 1st period - Cory Murphy is hit by Stephane Veilleux and loses puck.
5:06 of 1st period - Andrej Sekera is hit by Artem Anisimov and loses puck.
5:21 of 1st period - Nick Foligno is hit by Pavel Vorobiev and loses puck.
5:28 of 1st period - Andrej Sekera is hit by Bryan Young and loses puck.
6:34 of 1st period - Colten Teubert is hit by Jonathan Ferland and loses puck.
6:49 of 1st period - Jonathan Ferland is hit by Maxime Sauvé and loses puck.
7:10 of 1st period - Wrist shot by Jozef Balej.
7:10 of 1st period - Shot Blocked by Nick Foligno.
7:12 of 1st period - Slapshot by Brendan Mikkelson.
7:12 of 1st period - Deflect By Colin Wilson.
7:12 of 1st period - Stopped by David LeNeveu with a rebound.
7:14 of 1st period - Snap shot by Stephane Veilleux.
7:14 of 1st period - Deflect By Colin Wilson.
7:14 of 1st period - Shot Misses the Net.
7:14 of 1st period - Puck is out of play.
7:15 of 1st period - Artem Anisimov wins face-off versus Colin Wilson in Gangsters zone.
7:58 of 1st period - Ville Koistinen is hit by Brad Marchand and loses puck.
9:30 of 1st period - Slapshot by Pavel Vorobiev.
9:30 of 1st period - Shot Blocked by Cory Murphy.
9:32 of 1st period - Wrist shot by Pavel Vorobiev.
9:32 of 1st period - Deflect By Cory Murphy.
9:32 of 1st period - Stopped by David LeNeveu without a rebound.
9:33 of 1st period - Mikhail Grabovski wins face-off versus Alexandre Bolduc in Gangsters zone.
10:16 of 1st period - Slapshot by Pavel Vorobiev.
10:16 of 1st period - Stopped by David LeNeveu without a rebound.
10:17 of 1st period - Mikhail Grabovski wins face-off versus Artem Anisimov in Gangsters zone.
10:32 of 1st period - Backhand shot by Mikhail Grabovski.
10:32 of 1st period - Deflect By Brad Marchand.
10:32 of 1st period - Goal by Brad Marchand - Inferno : 1 - Gangsters : 1.
10:33 of 1st period - Alexandre Bolduc wins face-off versus Mikhail Grabovski in neutral zone.
10:47 of 1st period - Snap shot by Alexandre Bolduc.
10:47 of 1st period - Shot Blocked by Andrej Meszaros.
11:19 of 1st period - Slapshot by Andrej Meszaros.
11:19 of 1st period - Stopped by David LeNeveu without a rebound.
11:20 of 1st period - Vladimir Sobotka wins face-off versus Brock Bradford in Gangsters zone.
11:25 of 1st period - Slapshot by Pavel Vorobiev.
11:25 of 1st period - Stopped by David LeNeveu without a rebound.
11:26 of 1st period - Mikhail Grabovski wins face-off versus Alexandre Bolduc in Gangsters zone.
12:14 of 1st period - Off-side.
12:15 of 1st period - Colin Wilson wins face-off versus Brock Bradford in neutral zone.
12:18 of 1st period - Snap shot by Jozef Balej.
12:18 of 1st period - Shot Misses the Net.
12:43 of 1st period - Snap shot by Ryan Jones.
12:43 of 1st period - Stopped by Jonathan Boutin with a rebound.
12:47 of 1st period - Snap shot by Dave Dziurzynski.
12:47 of 1st period - Stopped by Jonathan Boutin with a rebound.
12:49 of 1st period - Slapshot by Shaun Heska.
12:49 of 1st period - Shot Misses the Net.
13:01 of 1st period - Snap shot by Alexandre Bolduc.
13:01 of 1st period - Shot Blocked by Brad Marchand.
13:03 of 1st period - Slapshot by Cory Murphy.
13:03 of 1st period - Shot Blocked by Jonathan Ferland.
13:39 of 1st period - Slapshot by Vladimir Sobotka.
13:39 of 1st period - Shot Misses the Net.
13:51 of 1st period - Minor Penalty to Pierre-Luc Létourneau for Hooking.
13:52 of 1st period - Alexandre Bolduc wins face-off versus Vladimir Sobotka in Inferno zone.
13:59 of 1st period - Snap shot by Ryan Keller.
13:59 of 1st period - Shot Misses the Net.
14:01 of 1st period - Snap shot by Cory Murphy.
14:01 of 1st period - Stopped by Jonathan Boutin without a rebound.
14:02 of 1st period - Vladimir Sobotka wins face-off versus Alexandre Bolduc in Inferno zone.
14:06 of 1st period - Off-side.
14:07 of 1st period - Vladimir Sobotka wins face-off versus Alexandre Bolduc in neutral zone.
15:51 of 1st period - Penalty to Pierre-Luc Létourneau is over, Pierre-Luc Létourneau is back on ice.
15:56 of 1st period - Snap shot by Cory Murphy.
15:56 of 1st period - Shot Blocked by Andrej Meszaros.
16:18 of 1st period - Snap shot by Colin Wilson.
16:18 of 1st period - Goal by Colin Wilson - Inferno : 2 - Gangsters : 1.
16:19 of 1st period - Vladimir Sobotka wins face-off versus Alexandre Bolduc in neutral zone.
16:32 of 1st period - Snap shot by Alexandre Bolduc.
16:32 of 1st period - Stopped by Jonathan Boutin with a rebound.
16:54 of 1st period - Slapshot by Cory Murphy.
16:54 of 1st period - Stopped by Jonathan Boutin without a rebound.
16:55 of 1st period - Ryan Keller wins face-off versus Mikhail Grabovski in Inferno zone.
17:06 of 1st period - Wrist shot by Nick Foligno.
17:06 of 1st period - Stopped by Jonathan Boutin with a rebound.
17:08 of 1st period - Slapshot by Alexandre Bolduc.
17:08 of 1st period - Stopped by Jonathan Boutin with a rebound.
17:10 of 1st period - Snap shot by Ryan Keller.
17:10 of 1st period - Stopped by Jonathan Boutin without a rebound.
17:11 of 1st period - Artem Anisimov wins face-off versus Colin Wilson in Inferno zone.
17:36 of 1st period - Andrej Sekera is hit by Ryan Keller and loses puck.
17:55 of 1st period - Snap shot by Maxime Sauvé.
17:55 of 1st period - Deflect By Colin Wilson.
17:55 of 1st period - Shot Misses the Net.
17:55 of 1st period - Puck is out of play.
17:56 of 1st period - Mikhail Grabovski wins face-off versus Maxime Sauvé in Inferno zone.
18:01 of 1st period - Slapshot by Mikhail Grabovski.
18:01 of 1st period - Stopped by David LeNeveu without a rebound.
18:02 of 1st period - Mikhail Grabovski wins face-off versus Maxime Sauvé in Gangsters zone.
18:05 of 1st period - Snap shot by Brad Marchand.
18:05 of 1st period - Shot Blocked by Ville Koistinen.
18:07 of 1st period - Snap shot by Jonathan Ferland.
18:07 of 1st period - Shot Hit the Post.
18:09 of 1st period - Wrist shot by Jonathan Ferland.
18:09 of 1st period - Stopped by David LeNeveu with a rebound.
18:11 of 1st period - Slapshot by Mark Mitera.
18:11 of 1st period - Shot Blocked by Nick Foligno.
18:13 of 1st period - Slapshot by Brendan Mikkelson.
18:13 of 1st period - Shot Blocked by Ville Koistinen.
18:33 of 1st period - Slapshot by Cory Murphy.
18:33 of 1st period - Stopped by Jonathan Boutin with a rebound.
18:35 of 1st period - Snap shot by Cory Murphy.
18:35 of 1st period - Stopped by Jonathan Boutin without a rebound.
18:36 of 1st period - Alexandre Bolduc wins face-off versus Mikhail Grabovski in Inferno zone.
18:41 of 1st period - Snap shot by Alexandre Bolduc.
18:41 of 1st period - Shot Blocked by Andrej Sekera.
18:43 of 1st period - Wrist shot by Nick Foligno.
18:43 of 1st period - Shot Blocked by Andrej Meszaros.
18:45 of 1st period - Wrist shot by Alexandre Bolduc.
18:45 of 1st period - Deflect By Mikhail Grabovski.
18:45 of 1st period - Shot Misses the Net.
18:45 of 1st period - Puck is out of play.
18:46 of 1st period - Alexandre Bolduc wins face-off versus Mikhail Grabovski in Inferno zone.
18:55 of 1st period - Shaun Heska is hit by Mikhail Grabovski.
19:11 of 1st period - Wrist shot by Ryan Keller.
19:11 of 1st period - Goal by Ryan Keller - Inferno : 2 - Gangsters : 2.
19:12 of 1st period - Mikhail Grabovski wins face-off versus Alexandre Bolduc in neutral zone.
19:14 of 1st period - Minor Penalty to Brad Marchand for Hooking.
19:15 of 1st period - Vladimir Sobotka wins face-off versus Alexandre Bolduc in Inferno zone.
19:29 of 1st period - Slapshot by Cory Murphy.
19:29 of 1st period - Shot Misses the Net.
19:31 of 1st period - Snap shot by Cory Murphy.
19:31 of 1st period - Stopped by Jonathan Boutin without a rebound.
19:32 of 1st period - Vladimir Sobotka wins face-off versus Artem Anisimov in Inferno zone.
19:57 of 1st period - Ville Koistinen is hit by Pierre-Luc Létourneau and loses puck.
Goals for this period are 2 for Inferno vs 2 for Gangsters.
Shots for this period are 9 for Inferno vs 15 for Gangsters.
2nd period
0:01 of 2nd period - Vladimir Sobotka wins face-off versus Alexandre Bolduc in neutral zone.
0:04 of 2nd period - Ryan Keller is hit by Andrej Meszaros and loses puck.
0:09 of 2nd period - Backhand shot by Jonathan Ferland.
0:09 of 2nd period - Shot Misses the Net.
0:11 of 2nd period - Snap shot by Andrej Meszaros.
0:11 of 2nd period - Deflect By Ville Koistinen.
0:11 of 2nd period - Goal by Andrej Meszaros - Inferno : 3 - Gangsters : 2.
0:12 of 2nd period - Nick Foligno wins face-off versus Vladimir Sobotka in neutral zone.
0:15 of 2nd period - Slapshot by Cory Murphy.
0:15 of 2nd period - Shot Hit the Post.
0:17 of 2nd period - Slapshot by Cory Murphy.
0:17 of 2nd period - Shot Misses the Net.
0:19 of 2nd period - Slapshot by Ville Koistinen.
0:19 of 2nd period - Shot Misses the Net.
0:21 of 2nd period - Snap shot by Alexandre Bolduc.
0:21 of 2nd period - Stopped by Jonathan Boutin without a rebound.
0:22 of 2nd period - Vladimir Sobotka wins face-off versus Ryan Keller in Inferno zone.
1:05 of 2nd period - Slapshot by Cory Murphy.
1:05 of 2nd period - Deflect By Colin Wilson.
1:05 of 2nd period - Stopped by Jonathan Boutin without a rebound.
1:06 of 2nd period - Artem Anisimov wins face-off versus Vladimir Sobotka in Inferno zone.
1:14 of 2nd period - Penalty to Brad Marchand is over, Brad Marchand is back on ice.
1:52 of 2nd period - Off-side.
1:53 of 2nd period - Brayden Irwin wins face-off versus Brock Bradford in neutral zone.
1:56 of 2nd period - Slapshot by Andrej Sekera.
1:56 of 2nd period - Deflect By Bryan Young.
1:56 of 2nd period - Stopped by David LeNeveu with a rebound.
1:58 of 2nd period - Minor Penalty to Luke Gazdic for High sticking.
1:59 of 2nd period - Mikhail Grabovski wins face-off versus Ryan Keller in Gangsters zone.
2:04 of 2nd period - Snap shot by Jonathan Ferland.
2:04 of 2nd period - Stopped by David LeNeveu with a rebound.
2:06 of 2nd period - Wrist shot by Andrej Meszaros.
2:06 of 2nd period - Stopped by David LeNeveu without a rebound.
2:07 of 2nd period - Ryan Keller wins face-off versus Mikhail Grabovski in Gangsters zone.
2:27 of 2nd period - Snap shot by Mikhail Grabovski.
2:27 of 2nd period - Shot Misses the Net.
2:29 of 2nd period - Snap shot by Mikhail Grabovski.
2:29 of 2nd period - Goal by Mikhail Grabovski - Inferno : 4 - Gangsters : 2.
2:29 of 2nd period - Dustin Tokarski enters game.
2:30 of 2nd period - Alexandre Bolduc wins face-off versus Mikhail Grabovski in neutral zone.
2:43 of 2nd period - Slapshot by Ryan Keller.
2:43 of 2nd period - Deflect By Alexandre Bolduc.
2:43 of 2nd period - Goal by Alexandre Bolduc - Inferno : 4 - Gangsters : 3.
2:44 of 2nd period - Mikhail Grabovski wins face-off versus Alexandre Bolduc in neutral zone.
3:14 of 2nd period - Andrej Meszaros is hit by Ryan Jones and loses puck.
3:35 of 2nd period - Slapshot by Cory Murphy.
3:35 of 2nd period - Shot Misses the Net.
3:37 of 2nd period - Wrist shot by Ryan Keller.
3:37 of 2nd period - Shot Misses the Net.
3:44 of 2nd period - Icing by Pavel Vorobiev.
3:45 of 2nd period - Ryan Jones wins face-off versus Brayden Irwin in Inferno zone.
3:54 of 2nd period - Snap shot by Vladimir Zharkov.
3:54 of 2nd period - Goal by Vladimir Zharkov - Inferno : 5 - Gangsters : 3.
3:55 of 2nd period - Alexandre Bolduc wins face-off versus Mikhail Grabovski in neutral zone.
4:23 of 2nd period - Snap shot by Jozef Balej.
4:23 of 2nd period - Stopped by Dustin Tokarski without a rebound.
4:24 of 2nd period - Colin Wilson wins face-off versus Artem Anisimov in Gangsters zone.
4:42 of 2nd period - Dave Dziurzynski is hit by Stephane Veilleux and loses puck.
4:49 of 2nd period - Bryan Young is hit by Stephane Veilleux and loses puck.
5:00 of 2nd period - Slapshot by Cory Murphy.
5:00 of 2nd period - Shot Misses the Net.
5:14 of 2nd period - Backhand shot by Stephane Veilleux.
5:14 of 2nd period - Stopped by Dustin Tokarski with a rebound.
5:26 of 2nd period - Wrist shot by Jozef Balej.
5:26 of 2nd period - Shot Misses the Net.
5:28 of 2nd period - Slapshot by Brendan Mikkelson.
5:28 of 2nd period - Stopped by Dustin Tokarski with a rebound.
5:51 of 2nd period - Off-side.
5:52 of 2nd period - Mikhail Grabovski wins face-off versus Alexandre Bolduc in neutral zone.
5:55 of 2nd period - Slapshot by Andrej Sekera.
5:55 of 2nd period - Stopped by Dustin Tokarski with a rebound.
6:37 of 2nd period - Brayden Irwin is hit by Brock Bradford and loses puck.
6:50 of 2nd period - Backhand shot by Pavel Vorobiev.
6:50 of 2nd period - Shot Blocked by Alexandre Bolduc.
7:08 of 2nd period - Luke Gazdic is hit by Vladimir Zharkov and loses puck.
10:28 of 2nd period - Andrej Sekera is hit by Shaun Heska and loses puck.
10:52 of 2nd period - Shaun Heska is hit by Vladimir Zharkov and loses puck.
11:34 of 2nd period - Wrist shot by Vladimir Zharkov.
11:34 of 2nd period - Stopped by Dustin Tokarski without a rebound.
11:35 of 2nd period - Maxime Sauvé wins face-off versus Brayden Irwin in Gangsters zone.
12:55 of 2nd period - Brad Marchand is hit by Shaun Heska and loses puck.
13:42 of 2nd period - Colten Teubert is hit by Jozef Balej and loses puck.
13:47 of 2nd period - Snap shot by Jozef Balej.
13:47 of 2nd period - Shot Blocked by Artem Anisimov.
13:52 of 2nd period - Minor Penalty to Dave Dziurzynski for Interference.
13:53 of 2nd period - Ryan Keller wins face-off versus Mikhail Grabovski in Gangsters zone.
13:53 of 2nd period - Ryan Keller is hit by Mikhail Grabovski.
14:46 of 2nd period - Off-side.
14:47 of 2nd period - Jonathan Ferland wins face-off versus Nick Foligno in neutral zone.
15:52 of 2nd period - Penalty to Dave Dziurzynski is over, Dave Dziurzynski is back on ice.
15:58 of 2nd period - Slapshot by Ville Koistinen.
15:58 of 2nd period - Stopped by Jonathan Boutin with a rebound.
16:00 of 2nd period - Wrist shot by Dave Dziurzynski.
16:00 of 2nd period - Shot Blocked by Andrej Meszaros.
16:04 of 2nd period - Snap shot by Cory Murphy.
16:04 of 2nd period - Shot Misses the Net.
16:06 of 2nd period - Slapshot by Cory Murphy.
16:06 of 2nd period - Stopped by Jonathan Boutin with a rebound.
16:15 of 2nd period - Minor Penalty to Matt Kassian for Diving.
16:16 of 2nd period - Artem Anisimov wins face-off versus Vladimir Sobotka in Inferno zone.
16:16 of 2nd period - Slapshot by Cory Murphy.
16:16 of 2nd period - Deflect By Jonathan Ferland.
16:16 of 2nd period - Goal by Cory Murphy - Inferno : 5 - Gangsters : 4.
16:17 of 2nd period - Mikhail Grabovski wins face-off versus Alexandre Bolduc in neutral zone.
16:20 of 2nd period - Slapshot by Andrej Sekera.
16:20 of 2nd period - Shot Blocked by Bryan Young.
17:09 of 2nd period - Snap shot by Pavel Vorobiev.
17:09 of 2nd period - Shot Blocked by Cory Murphy.
17:41 of 2nd period - Dave Dziurzynski is hit by Jonathan Ferland and loses puck.
18:05 of 2nd period - Snap shot by Jozef Balej.
18:05 of 2nd period - Stopped by Dustin Tokarski with a rebound.
19:23 of 2nd period - Brock Bradford is hit by Brayden Irwin and loses puck.
19:32 of 2nd period - Slapshot by Andrej Sekera.
19:32 of 2nd period - Shot Blocked by Brock Bradford.
19:50 of 2nd period - Maxime Sauvé is hit by Colin Wilson and loses puck.
19:57 of 2nd period - Slapshot by Stephane Veilleux.
19:57 of 2nd period - Stopped by Dustin Tokarski with a rebound.
Goals for this period are 3 for Inferno vs 2 for Gangsters.
Shots for this period are 13 for Inferno vs 6 for Gangsters.
3rd period
0:01 of 3rd period - Mikhail Grabovski wins face-off versus Alexandre Bolduc in neutral zone.
0:13 of 3rd period - Snap shot by Brad Marchand.
0:13 of 3rd period - Stopped by Dustin Tokarski with a rebound.
0:15 of 3rd period - Slapshot by Andrej Meszaros.
0:15 of 3rd period - Deflect By Jonathan Ferland.
0:15 of 3rd period - Shot Misses the Net.
0:15 of 3rd period - Puck is out of play.
0:16 of 3rd period - Colin Wilson wins face-off versus Artem Anisimov in Gangsters zone.
0:21 of 3rd period - Wrist shot by Jozef Balej.
0:21 of 3rd period - Shot Misses the Net.
0:23 of 3rd period - Slapshot by Andrej Sekera.
0:23 of 3rd period - Shot Blocked by Dave Dziurzynski.
0:25 of 3rd period - Wrist shot by Jozef Balej.
0:25 of 3rd period - Shot Blocked by Ryan Jones.
0:37 of 3rd period - Minor Penalty to Dave Dziurzynski for Hooking.
0:38 of 3rd period - Ryan Keller wins face-off versus Mikhail Grabovski in Gangsters zone.
2:37 of 3rd period - Penalty to Dave Dziurzynski is over, Dave Dziurzynski is back on ice.
2:59 of 3rd period - Matt Kassian is hit by Colten Teubert and loses puck.
3:43 of 3rd period - Minor Penalty to Stephane Veilleux for Hooking.
3:44 of 3rd period - Alexandre Bolduc wins face-off versus Vladimir Sobotka in Inferno zone.
4:12 of 3rd period - Slapshot by Cory Murphy.
4:12 of 3rd period - Shot Misses the Net.
4:46 of 3rd period - Mark Mitera is hit by Artem Anisimov and loses puck.
5:43 of 3rd period - Penalty to Stephane Veilleux is over, Stephane Veilleux is back on ice.
6:45 of 3rd period - Maxime Sauvé is hit by Mark Mitera and loses puck.
7:11 of 3rd period - Bryan Young is hit by Vladimir Zharkov and loses puck.
7:19 of 3rd period - Icing by Bryan Young.
7:20 of 3rd period - Brock Bradford wins face-off versus Colin Wilson in Gangsters zone.
7:20 of 3rd period - Brock Bradford is hit by Colin Wilson.
8:08 of 3rd period - Slapshot by Andrej Sekera.
8:08 of 3rd period - Stopped by Dustin Tokarski without a rebound.
8:09 of 3rd period - Brock Bradford wins face-off versus Pavel Vorobiev in Gangsters zone.
8:19 of 3rd period - Icing by Brock Bradford.
8:20 of 3rd period - Brock Bradford wins face-off versus Mikhail Grabovski in Gangsters zone.
9:05 of 3rd period - Snap shot by Alexandre Bolduc.
9:05 of 3rd period - Shot Blocked by Mark Mitera.
9:07 of 3rd period - Slapshot by Cory Murphy.
9:07 of 3rd period - Stopped by Jonathan Boutin with a rebound.
9:40 of 3rd period - Off-side.
9:41 of 3rd period - Colin Wilson wins face-off versus Artem Anisimov in neutral zone.
9:44 of 3rd period - Slapshot by Andrej Meszaros.
9:44 of 3rd period - Shot Misses the Net.
9:46 of 3rd period - Slapshot by Colin Wilson.
9:46 of 3rd period - Stopped by Dustin Tokarski without a rebound.
9:47 of 3rd period - Colin Wilson wins face-off versus Artem Anisimov in Gangsters zone.
10:52 of 3rd period - Snap shot by Brayden Irwin.
10:52 of 3rd period - Stopped by Dustin Tokarski without a rebound.
10:53 of 3rd period - Artem Anisimov wins face-off versus Brayden Irwin in Gangsters zone.
11:06 of 3rd period - Mark Mitera is hit by Cory Murphy and loses puck.
11:25 of 3rd period - Slapshot by Andrej Sekera.
11:25 of 3rd period - Stopped by Dustin Tokarski without a rebound.
11:26 of 3rd period - Alexandre Bolduc wins face-off versus Jonathan Ferland in Gangsters zone.
11:52 of 3rd period - Nick Foligno is hit by Vladimir Sobotka and loses puck.
12:01 of 3rd period - Wrist shot by Cory Murphy.
12:01 of 3rd period - Shot Blocked by Vladimir Sobotka.
12:11 of 3rd period - Slapshot by Nick Foligno.
12:11 of 3rd period - Goal by Nick Foligno - Inferno : 5 - Gangsters : 5.
12:12 of 3rd period - Artem Anisimov wins face-off versus Mikhail Grabovski in neutral zone.
12:19 of 3rd period - Slapshot by Cory Murphy.
12:19 of 3rd period - Shot Blocked by Mark Mitera.
12:21 of 3rd period - Slapshot by Dave Dziurzynski.
12:21 of 3rd period - Stopped by Jonathan Boutin without a rebound.
12:22 of 3rd period - Artem Anisimov wins face-off versus Mikhail Grabovski in Inferno zone.
12:27 of 3rd period - Snap shot by Ryan Jones.
12:27 of 3rd period - Shot Misses the Net.
12:29 of 3rd period - Slapshot by Ville Koistinen.
12:29 of 3rd period - Deflect By Artem Anisimov.
12:29 of 3rd period - Shot Misses the Net.
12:29 of 3rd period - Puck is out of play.
12:30 of 3rd period - Mikhail Grabovski wins face-off versus Alexandre Bolduc in Inferno zone.
12:35 of 3rd period - Slapshot by Andrej Meszaros.
12:35 of 3rd period - Deflect By Jonathan Ferland.
12:35 of 3rd period - Stopped by Dustin Tokarski with a rebound.
12:37 of 3rd period - Snap shot by Mikhail Grabovski.
12:37 of 3rd period - Goal by Mikhail Grabovski - Inferno : 6 - Gangsters : 5.
12:38 of 3rd period - Alexandre Bolduc wins face-off versus Mikhail Grabovski in neutral zone.
12:41 of 3rd period - Andrej Meszaros is hit by Cory Murphy and loses puck.
13:03 of 3rd period - Ryan Keller is hit by Vladimir Sobotka and loses puck.
13:08 of 3rd period - Snap shot by Pavel Vorobiev.
13:08 of 3rd period - Goal by Pavel Vorobiev - Inferno : 7 - Gangsters : 5.
13:09 of 3rd period - Alexandre Bolduc wins face-off versus Mikhail Grabovski in neutral zone.
14:40 of 3rd period - Wrist shot by Ryan Jones.
14:40 of 3rd period - Shot Misses the Net.
14:45 of 3rd period - Off-side.
14:46 of 3rd period - Mikhail Grabovski wins face-off versus Brock Bradford in neutral zone.
14:55 of 3rd period - Slapshot by Brad Marchand.
14:55 of 3rd period - Stopped by Dustin Tokarski with a rebound.
14:57 of 3rd period - Wrist shot by Brad Marchand.
14:57 of 3rd period - Shot Blocked by Luke Gazdic.
14:59 of 3rd period - Slapshot by Brendan Mikkelson.
14:59 of 3rd period - Stopped by Dustin Tokarski with a rebound.
15:11 of 3rd period - Vladimir Sobotka is hit by Dave Dziurzynski and loses puck.
15:24 of 3rd period - Dave Dziurzynski is hit by Pierre-Luc Létourneau and loses puck.
15:45 of 3rd period - Snap shot by Nick Foligno.
15:45 of 3rd period - Stopped by Jonathan Boutin with a rebound.
15:57 of 3rd period - Snap shot by Brad Marchand.
15:57 of 3rd period - Shot Misses the Net.
15:59 of 3rd period - Slapshot by Jonathan Ferland.
15:59 of 3rd period - Shot Misses the Net.
16:01 of 3rd period - Wrist shot by Mikhail Grabovski.
16:01 of 3rd period - Stopped by Dustin Tokarski with a rebound.
16:15 of 3rd period - Mikhail Grabovski is hit by Ryan Keller and loses puck.
16:22 of 3rd period - Alexandre Bolduc is hit by Mikhail Grabovski and loses puck.
16:37 of 3rd period - Ville Koistinen is hit by Stephane Veilleux and loses puck.
17:04 of 3rd period - Snap shot by Vladimir Zharkov.
17:04 of 3rd period - Shot Hit the Post.
18:16 of 3rd period - Snap shot by Vladimir Zharkov.
18:16 of 3rd period - Goal by Vladimir Zharkov - Inferno : 8 - Gangsters : 5.
18:17 of 3rd period - Mikhail Grabovski wins face-off versus Alexandre Bolduc in neutral zone.
18:57 of 3rd period - Jozef Balej is hit by Artem Anisimov and loses puck.
Goals for this period are 3 for Inferno vs 1 for Gangsters.
Shots for this period are 12 for Inferno vs 4 for Gangsters.
Output by the SimonT Hockey Simulator (STHS) for François Prévost -- Original Page W3C XHTML 1.0 Valid